 Dungeon Crawl Stone Soup version 0.29.1-14-g9c671dbff4 (webtiles) character file.

Game seed: 15750143967346329178

19 protoss039 the Digger (level 2, -5/21 HPs)
             Began as a Demonspawn Earth Elementalist on Feb 19, 2023.
             Slain by Sigmund
             ... wielding a +2 scythe of protection
              (14 damage)
             ... on level 2 of the Dungeon.
             The game lasted 00:01:42 (1161 turns).

protoss039 the Digger (DsEE)                        Turns: 1161, Time: 00:01:43

Health: -5/21      AC:  2    Str:  8    XL:     2   Next: 55%
Magic:  5/5        EV: 12    Int: 16    God:
Gold:   7          SH:  0    Dex: 13    Spells: 2/5 levels left

rFire   . . .      SeeInvis .   g - +0 dagger
rCold   . . .      Faith    .   (no shield)
rNeg    . . .      Spirit   .   a - +0 robe
rPois   .          Reflect  .   (no helmet)
rElec   .          Harm     .   (no cloak)
rCorr   .          Rampage  .   (no gloves)
Will    .....                   (no boots)
Stlth   +.........              (no amulet)
HPRegen 0.07/turn               e - ring of wizardry
MPRegen 0.09/turn               (no ring)

@: confused
A: powered by pain 1
a: no special abilities


You were on level 2 of the Dungeon.
You visited 1 branch of the dungeon, and saw 2 of its levels.

You collected 7 gold pieces.

Inventory:

Hand Weapons
 g - a +0 dagger (weapon)
Armour
 a - a +0 robe (worn)
Jewellery
 e - a ring of wizardry (left hand)
Scrolls
 f - a scroll of teleportation
Potions
 b - a potion of magic


   Skills:
 + Level 1.1 Fighting
 - Level 1.7 Dodging
 - Level 1.7 Stealth
 + Level 2.3 Spellcasting
 - Level 0.8 Transmutations
 + Level 3.0 Earth Magic


You had 2 spell levels left.
You knew the following spells:

 Your Spells              Type           Power      Damage    Failure   Level
a - Sandblast             Erth           22%        2d7       2%          1
b - Passwall              Tmut/Erth      6%         N/A       6%          2

Your spell library contained the following spells:

 Spells                   Type           Power      Damage    Failure   Level
 Stone Arrow              Conj/Erth      12%        3d7       13%         3
 Petrify                  Tmut/Erth      8%         N/A       32%         4


Dungeon Overview and Level Annotations

Branches:
Dungeon (2/15) Zot: 10821

Altars:

Annotations:
D:1 1 exclusion
D:2 Sigmund


Innate Abilities, Weirdness & Mutations

You sometimes gain a little power by taking damage.


Message History

Press: ? - help, v - describe, . - travel A rock wall.
Placed new exclusion.
Reduced exclusion size to a single square.
There is an escape hatch in the floor here.
You see here a +0 robe.
There is a stone staircase leading down here.
You start resting.
HP restored.
You climb downwards.
Level annotation: Sigmund
There is a stone staircase leading up here.
A sourceless malevolence fills the Dungeon... and a teleportation trap spontaneously manifests!
You are yanked towards some nearby monsters!
Your surroundings suddenly seem different.
Unknown command.
As you read the scroll labelled JAUSAC JIWOATA, it crumbles to dust.
It is a scroll of identify.
f - a scroll of teleportation Sigmund casts a spell at you.
You are confused.
Unknown command.
Unknown command.
You are too confused!
Okay, then.
The bat barely misses you.
Sigmund mumbles some strange words.
Sigmund flickers and vanishes!
Deactivating autopickup; reactivate with Ctrl-A.
The bat closely misses you.
You hear a zap.
A bolt of dispelling energy appears from out of thin air!
The bolt of dispelling energy misses you.
The bat closely misses you. The rat completely misses you. Something hits you!
The bat misses you.
You hit the bat.
You kill the bat!
The kobold hits you with a +4 whip. The rat bites you. Something hits you!
Ouch! That really hurt!
You die...

........#
#.#....###########
..........##.....##
..................##
.................#
K......<.........#
#................#
#...........K....#
#...........r@...#
#................#
##.........{....##
##.....##.....##
##############


You could see a kobold and a rat.

Vanquished Creatures
  A dart slug (D:1)
  3 ball pythons (D:1)
  An endoplasm (D:1)
  A giant cockroach (D:1)
  2 hobgoblins (D:1)
  2 kobolds (D:1)
  A quokka (D:1)
  2 bats
  A frilled lizard (D:1)
  A goblin (D:1)
  A rat (D:1)
16 creatures vanquished.

Vanquished Creatures (others)
  A plant (D:1)
1 creature vanquished.

Grand Total: 17 creatures vanquished

Notes
Turn   | Place    | Note
-------+----------+-------------------------------------------
     0 | D:1      | protoss039 the Demonspawn Earth Elementalist began the
                  | quest for the Orb.
     0 | D:1      | Reached XP level 1. HP: 13/13 MP: 3/3
   353 | D:1      | Gained mutation: You sometimes gain a little power by
                  | taking damage. [demonic ancestry]
   353 | D:1      | Reached XP level 2. HP: 10/20 MP: 1/5
   560 | D:1      | Reached skill level 1 in Fighting
   595 | D:1      | Reached skill level 3 in Earth Magic
  1029 | D:1      | Learned a level 2 spell: Passwall
  1034 | D:2      | Noticed Sigmund
  1161 | D:2      | Slain by Sigmund

Illustrated notes

Levels and vault maps discovered:
D:1:      lightli_arrival_boilingwater, layout_basic, serial_forest,
          infiniplex_forest_end_2, infiniplex_forest_end_3,
          infiniplex_forest_end_2, infiniplex_forest_lined_room_2,
          infiniplex_forest_lined_3, infiniplex_forest_end_1,
          infiniplex_forest_clump_double
D:2:      layout_rooms, minmay_hedge_maze, dk_noncrumbling_3, st_stairs_8,
          uniq_sigmund

Skill      XL: |  1  2 |
---------------+-------+-----
Fighting       | 1 |  1.1
Earth Magic    | 3 |  3.0
Dodging        | |  1.7
Stealth        | |  1.7
Spellcasting   | |  2.3
Transmutations | |  0.8

Action                   || total
-------------------------++-------
Melee: Club              ||    19
       Dagger            ||     1
 Cast: Sandblast         ||    18
  Use: Scroll            ||     1
 Stab: Sleeping          ||     1
Armor: Robe              ||     2
Dodge: Dodged            ||    18
